 Dungeon Crawl Stone Soup version 0.32-a0-999-gfa1cc04b1d (webtiles) character file.

Game seed: 5791497267277959567

9 protoss039 the Digger (level 2, 20/20 HPs)
             Began as a Demonspawn Earth Elementalist on Apr 24, 2024.
             Got out of the dungeon alive.
             The game lasted 00:00:34 (546 turns).

protoss039 the Digger (DsEE)                         Turns: 546, Time: 00:00:35

Health: 20/20      AC:  2    Str:  8    XL:     2   Next: 6%
Magic:  5/5        EV: 11    Int: 15    God:
Gold:   9          SH:  0    Dex: 13    Spells: 4/5 levels left

rFire   . . .        c - +0 dagger
rCold   . . .        (no shield)
rNeg    . . .        a - +0 robe
rPois   .            (no helmet)
rElec   .            (no cloak)
rCorr   .            (no gloves)
SInv    .            (no boots)
Will    .....        (no amulet)
Stlth   ++           (no ring)
HPRegen 0.23/turn    (no ring)
MPRegen 0.09/turn

%: no passive effects
@: wreathed by umbra
A: foul shadow 1
a: no special abilities


You escaped.
You visited 1 branch of the dungeon, and saw 1 of its levels.

You collected 9 gold pieces.

Inventory:

Hand Weapons
 c - a +0 dagger (weapon)
Armour
 a - a +0 robe (worn)
Scrolls
 d - a scroll of teleportation {unknown}
Potions
 b - a potion of magic


   Skills:
 + Level 0.8 Fighting
 - Level 1.7 Dodging
 - Level 1.7 Stealth
 + Level 2.2 Spellcasting
 - Level 1.0 Conjurations
 + Level 2.9 Earth Magic


You had 4 spell levels left.
You knew the following spells:

 Your Spells              Type           Power      Damage    Failure   Level
a - Sandblast             Erth           20%        2d7       7%          1

Your spell library contained the following spells:

 Spells                   Type           Power      Damage    Failure   Level
 Passwall                 Erth           10%        N/A       21%         3
 Stone Arrow              Conj/Erth      14%        3d7       28%         3
 Brom's Barrelling Bould  Conj/Erth      7%         2d3       67%         4
 Petrify                  Alch/Erth      6%         N/A       75%         4


Dungeon Overview and Level Annotations

Branches:
Dungeon (1/15) Zot: 5448

Altars:


Innate Abilities, Weirdness & Mutations

You are faintly shadowed, very rarely releasing foul flame when damaged in melee.


Message History

You open the door.
A rat comes into view.
The rat squeaks loudly.
A rat is nearby!
A rat is nearby!
There is an open door here.
Casting: Sandblast (safe; 7% risk of failure)
Confirm with . or Enter, or press ? or * to list all spells.
Aiming: Sandblast (safe; 7% risk of failure)
Press: ? - help, Shift-Dir - straight line, f - rat
Aim: a rat (82% to hit)
The blast of sand hits the rat!
You kill the rat!
You have reached level 2!
Your demonic ancestry asserts itself...
Your body darkens with foul flame.
Found a stone staircase leading down.
Unknown command.
Found a robe.
You now have 9 gold pieces.
You see here a +0 robe.
There is a stone staircase leading down here.
An endoplasm comes into view.
An endoplasm is nearby!
Found an escape hatch in the floor.
An endoplasm is nearby!
An endoplasm is nearby!
Found 17 gold pieces.
Casting: Sandblast (safe; 7% risk of failure)
Confirm with . or Enter, or press ? or * to list all spells.
Aiming: Sandblast (safe; 7% risk of failure)
Press: ? - help, Shift-Dir - straight line, f - endoplasm
Aim: an endoplasm (asleep, 100% to hit)
The blast of sand hits the endoplasm!
You kill the endoplasm!
Unknown command.
There is an open door here.
There is an open door here.
There is a staircase leading out of the dungeon here.
You have escaped!

####............#...
##.#####.....'...
#.# ###...#... #.#
#...#### #####.#
#...# # ##.....##
#...# # #.......#
#...# # ##.......##
#...# # #....@....#
#...# # ##........#
#...# #...........
##.......###
##.....## #######


There were no monsters in sight!

Vanquished Creatures
  An endoplasm (D:1)
  A giant cockroach (D:1)
  A hobgoblin (D:1)
  3 ball pythons (D:1)
  2 bats (D:1)
  2 rats (D:1)
10 creatures vanquished.

Notes
Turn   | Place    | Note
-------+----------+-------------------------------------------
     0 | D:1      | protoss039 the Demonspawn Earth Elementalist began the
                  | quest for the Orb.
     0 | D:1      | Reached XP level 1. HP: 13/13 MP: 3/3
   354 | D:1      | Gained mutation: You are faintly shadowed, very rarely
                  | releasing foul flame when damaged in melee. [demonic
                  | ancestry]
   354 | D:1      | Reached XP level 2. HP: 20/20 MP: 3/5
   546 | D:$      | Got out of the dungeon alive.

Illustrated notes

Levels and vault maps discovered:
D:1:      dpeg_arrival_orchard, layout_basic

Action                     || total
---------------------------++-------
  Melee: Unarmed           ||    30
   Cast: Sandblast         ||    13
 Armour: Robe              ||    21
  Dodge: Dodged            ||    20

Table legend: (Time is in decaauts)
 A = Elapsed time spent in this place.
 B = Non-inter-level travel time spent in this place.
 C = Inter-level travel time spent in this place.
 D = Time resting spent in this place.
 E = Time spent auto-exploring this place.
 F = Levels seen in this place.
 G = Mean time per level.
                   A        B        C        D        E       F      G
               +--------+--------+--------+--------+--------+-----+--------+
         Total |    552 |    418 |    134 |     37 |    285 |   1 |  552.0 |
       Dungeon |    552 |    418 |    134 |     37 |    285 |   1 |  552.0 |
               +--------+--------+--------+--------+--------+-----+--------+

Top non-repeatable levels by time:
     D:1: 552 daAuts
